 Dungeon Crawl Stone Soup version 0.30-a0-777-ga9a30cbeda (webtiles) character file.

Game seed: 3218133235585134919

823 testman the Twirler (level 7, 0/56 HPs)
             Began as a Gnoll Wanderer on Feb 14, 2023.
             Was a Follower of Okawaru.
             Slain by a troll (9 damage)
             ... on level 5 of the Dungeon.
             The game lasted 00:14:10 (5643 turns).

testman the Twirler (Gnoll Wanderer)                Turns: 5643, Time: 00:14:11

Health: 0/56       AC:  4    Str: 10    XL:     7   Next: 96%
Magic:  10/13      EV: 13    Int: 14    God:    Okawaru [*.....]
Gold:   279        SH:  0    Dex: 12    Spells: 13/14 levels left

rFire   . . .      SeeInvis .    a - +2 quarterstaff
rCold   . . .      Faith    .    (shield currently unavailable)
rNeg    . . .      Spirit   .    d - +0 robe
rPois   .          Reflect  .    (no helmet)
rElec   .          Harm     .    (no cloak)
rCorr   .          Rampage  .    n - +0 pair of gloves
Will    .....                    b - +0 pair of boots
Stlth   ++                       (no amulet)
HPRegen 0.29/turn                (no ring)
MPRegen 0.13/turn                (no ring)

@: very slightly contaminated, studying Maces & Flails
A: fangs 1, strong nose, distributed training
a: Renounce Religion, Heroism


You were on level 5 of the Dungeon.
You worshipped Okawaru.
Okawaru was aware of your devotion.
You visited 1 branch of the dungeon, and saw 5 of its levels.

You collected 345 gold pieces.
You spent 66 gold pieces at shops.

Inventory:

Hand Weapons
 a - a +2 quarterstaff (weapon)
 x - a +2 antimagic dagger
Missiles
 m - 6 curare-tipped darts
 o - a boomerang
Armour
 b - a +0 pair of boots (worn)
 d - a +0 robe (worn)
 n - a +0 pair of gloves (worn)
Wands
 k - a wand of paralysis (10)
 p - a wand of flame (15)
 v - a wand of acid (7)
 w - a wand of roots (11)
Scrolls
 c - 2 scrolls of blinking
 f - a scroll of amnesia {unknown}
 h - 3 scrolls of teleportation {unknown}
 j - a scroll of magic mapping {unknown}
 l - a scroll of brand weapon {unknown}
 r - 2 scrolls of vulnerability {unknown}
 s - a scroll of acquirement {unknown}
 u - 2 scrolls of enchant weapon {unknown}
Potions
 e - a potion of mutation
 g - 2 potions of heal wounds
 i - a potion of cancellation
 q - 2 potions of curing
 t - a potion of might {unknown}


   Skills:
 + Level 5.5 Fighting
 + Level 2.9 Short Blades
 + Level 2.9 Long Blades
 + Level 2.9 Axes
 + Level 3.9 Maces & Flails
 + Level 2.9 Polearms
 + Level 7.2 Staves
 + Level 2.9 Ranged Weapons
 + Level 2.9 Throwing
 + Level 2.9 Armour
 + Level 4.0 Dodging
 + Level 2.9 Stealth
 + Level 2.9 Shields
 + Level 2.9 Unarmed Combat
 + Level 4.1 Spellcasting
 + Level 3.2 Conjurations
 + Level 2.3 Hexes
 + Level 2.3 Summonings
 + Level 2.3 Necromancy
 + Level 2.3 Translocations
 + Level 2.3 Transmutations
 + Level 2.3 Fire Magic
 + Level 2.3 Ice Magic
 + Level 2.3 Air Magic
 + Level 2.3 Earth Magic
 + Level 2.3 Poison Magic
 + Level 3.2 Invocations
 + Level 5.5 Evocations


You had 13 spell levels left.
You knew the following spells:

 Your Spells              Type           Power      Damage    Failure   Level
a - Shock                 Conj/Air       40%        1d5       6%          1

Your spell library contained the following spells:

 Spells                   Type           Power      Damage    Failure   Level
 Magic Dart               Conj           48%        1d5       4%          1
 Dazzling Flash           Conj/Hex       20%        N/A       19%         3
 Mephitic Cloud           Conj/Pois/Air  10%        N/A       19%         3
 Portal Projectile        Hex/Tloc       18%        N/A       22%         3
 Passage of Golubria      Tloc           9%         N/A       56%         4
 Blade Hands              Tmut           4%         N/A       89%         5
 Yara's Violent Unravell  Hex/Tmut       4%         3d4       89%         5
 Call Imp                 Summ           Unusable   N/A       N/A         2
 Tukima's Dance           Hex            Unusable   N/A       N/A         3

Dungeon Overview and Level Annotations

Branches:
Dungeon (5/15)
 Temple: D:4-7

Altars:
Cheibriados
Hepliaklqana
Makhleb
Okawaru

Shops:
D:2 *

Annotations:
D:5 2 runed translucent doors


Innate Abilities, Weirdness & Mutations

You have very sharp teeth.
Your uncanny sense of smell can sniff out nearby items.
Your experience applies equally to all skills.


Message History

a +0 hand axe; an orc corpse
Things that are here:
a +0 robe; a +0 morningstar; a +0 leather armour
q - 2 potions of curing (gained 1)
The yak bellows!
You open the door.
There is an open door here.
A howler monkey comes into view.
The helpless howler monkey fails to defend itself.
You sock the howler monkey!
The howler monkey is severely wounded.
The howler monkey hoots and howls with incredible vigour!
You hear a shout!
You sock the howler monkey!
You kill the howler monkey!
Okawaru accepts your kill.
Your Dodging skill increases to level 4!
A troll comes into view.
Aiming: Shock (safe; 6% risk of failure)
Press: ? - help, Q - select action, (/) - cycle Shift-Dir - straight line You miscast Shock.
You are very lightly contaminated with residual magic.
Nothing appears to happen.
Aiming: Shock (safe; 6% risk of failure)
Press: ? - help, Q - select action, (/) - cycle Shift-Dir - straight line The zap hits the troll but does no damage.
The zap hits the troll.
The troll is lightly wounded.
The troll bites you. The troll claws you! x2
Aiming: Shock (safe; 6% risk of failure)
Press: ? - help, Q - select action, (/) - cycle Shift-Dir - straight line The zap misses the troll.
The zap hits the troll.
The troll is lightly wounded.
The troll misses you. The troll claws you. The troll barely misses you.
You sock the troll!
The troll is moderately wounded.
The troll bites you! The troll claws you!
* * * LOW HITPOINT WARNING * * *
The troll claws you!
You die...

########## #..))[...##
#..######..# #.
#..T@##.######### #
#.####.#.........#####
# #.##.............. ∆
##.'.##++##...####
#####8W.8##..# # ∆ ∆
#8....8#..#
#)....)#..#
#=....(#..# ∆
#8....8#..#


You could see a troll.

Vanquished Creatures
  An ogre (D:4)
  A phantom (D:5)
  A howler monkey (D:5)
  3 hounds
  3 orc priests (D:2)
  A gnoll bouda (D:4)
  A jelly (D:5)
  2 orc wizards
  3 iguanas
  6 adders
  10 gnolls
  4 worms
  19 orcs
  5 ball pythons
  2 endoplasms
  6 giant cockroaches
  9 goblins
  8 hobgoblins
  9 kobolds
  3 quokkas
  3 bats
  2 frilled lizards
  6 rats
108 creatures vanquished.

Notes
Turn   | Place    | Note
-------+----------+-------------------------------------------
     0 | D:1      | testman the Gnoll Wanderer began the quest for the Orb.
     0 | D:1      | testman set off with the following items: a +2
                  | quarterstaff, a +0 pair of boots, a scroll of blinking, a
                  | +0 robe; and the following spell memorised: Shock; and the
                  | following spells available to memorise: Dazzling Flash.
     0 | D:1      | Reached XP level 1. HP: 20/20 MP: 4/4
   279 | D:1      | Reached XP level 2. HP: 26/26 MP: 5/5
   410 | D:1      | Noticed a great orb of eyes
   412 | D:1      | Found a faded altar of an unknown god.
   413 | D:1      | Noticed a shining eye
   413 | D:1      | Noticed a shining eye
   413 | D:1      | Noticed a great orb of eyes
   988 | D:2      | Found Sivutam's General Store.
  1005 | D:2      | Bought a scroll of noise for 11 gold pieces
  1005 | D:2      | Bought a potion of curing for 33 gold pieces
  1005 | D:2      | Bought a scroll of identify for 22 gold pieces
  1294 | D:2      | Reached XP level 3. HP: 31/31 MP: 7/7
  1491 | D:2      | Reached skill level 1 in Invocations
  1495 | D:2      | Reached skill level 1 in Short Blades
  1495 | D:2      | Reached skill level 1 in Long Blades
  1495 | D:2      | Reached skill level 1 in Axes
  1495 | D:2      | Reached skill level 1 in Maces & Flails
  1495 | D:2      | Reached skill level 1 in Polearms
  1495 | D:2      | Reached skill level 1 in Ranged Weapons
  1495 | D:2      | Reached skill level 1 in Throwing
  1495 | D:2      | Reached skill level 1 in Armour
  1495 | D:2      | Reached skill level 1 in Stealth
  1495 | D:2      | Reached skill level 1 in Shields
  1495 | D:2      | Reached skill level 1 in Unarmed Combat
  1495 | D:2      | Reached XP level 4. HP: 14/38 MP: 1/8
  1498 | D:2      | Reached skill level 1 in Hexes
  1498 | D:2      | Reached skill level 1 in Summonings
  1498 | D:2      | Reached skill level 1 in Necromancy
  1498 | D:2      | Reached skill level 1 in Translocations
  1498 | D:2      | Reached skill level 1 in Transmutations
  1498 | D:2      | Reached skill level 1 in Fire Magic
  1498 | D:2      | Reached skill level 1 in Ice Magic
  1498 | D:2      | Reached skill level 1 in Air Magic
  1498 | D:2      | Reached skill level 1 in Earth Magic
  1498 | D:2      | Reached skill level 1 in Poison Magic
  1537 | D:2      | Reached XP level 5. HP: 41/43 MP: 1/9
  1634 | D:2      | Found an iron altar of Okawaru.
  1641 | D:2      | Became a worshipper of Warmaster Okawaru
  2084 | D:3      | Found a burning altar of Makhleb.
  2748 | D:3      | Found an iron altar of Okawaru.
  2912 | D:4      | HP: 1/43 [gnoll/+0 halberd (4)]
  3360 | D:4      | Reached XP level 6. HP: 50/50 MP: 9/11
  3496 | D:4      | Reached skill level 5 in Fighting
  3496 | D:4      | Reached skill level 5 in Evocations
  3505 | D:4      | Found a snail-covered altar of Cheibriados.
  3897 | D:4      | Found a hazy altar of Hepliaklqana.
  4363 | D:4      | Reached XP level 7. HP: 48/56 MP: 4/12
  4367 | D:4      | Reached skill level 7 in Staves
  4945 | D:5      | Entered Level 5 of the Dungeon
  5044 | D:5      | Reached * piety under Okawaru
  5052 | D:5      | Noticed a wraith
  5538 | D:5      | Found a large runed translucent door.
  5539 | D:5      | Found a large runed translucent door.
  5544 | D:5      | Noticed a shadow
  5544 | D:5      | Noticed a yak
  5637 | D:5      | Noticed a troll
  5643 | D:5      | Slain by a troll

Illustrated notes

Levels and vault maps discovered:
D:1:      minmay_arrival_solitary_statue, layout_basic,
          hellmonk_ecumenical_altar_watching_god
D:2:      cheibrodos_pilgrimage, layout_basic, basic_altar, serial_shops,
          shop_fountains
D:3:      minmay_chambers_of_twos, layout_basic, mainiacjoe_overflow_swirl
D:4:      layout_basic, jmf_multi_god_temple, chequers_serial_rivers_small_a
D:5:      layout_cave_pools, minmay_hollow_rounded_squares

Skill      XL: |  1  2  3  4  5  6  7 |
---------------+----------------------+-----
Conjurations   | 2 3 |  3.2
Invocations    | 1 2 3 |  3.2
Short Blades   | 1 2 |  2.9
Long Blades    | 1 2 |  2.9
Axes           | 1 2 |  2.9
Maces & Flails | 1 2 3 |  3.9
Polearms       | 1 2 |  2.9
Ranged Weapons | 1 2 |  2.9
Throwing       | 1 2 |  2.9
Armour         | 1 2 |  2.9
Stealth        | 1 2 |  2.9
Shields        | 1 2 |  2.9
Unarmed Combat | 1 2 |  2.9
Spellcasting   | 3 4 |  4.1
Hexes          | 1 2 |  2.3
Summonings     | 1 2 |  2.3
Necromancy     | 1 2 |  2.3
Translocations | 1 2 |  2.3
Transmutations | 1 2 |  2.3
Fire Magic     | 1 2 |  2.3
Ice Magic      | 1 2 |  2.3
Air Magic      | 1 2 |  2.3
Earth Magic    | 1 2 |  2.3
Poison Magic   | 1 2 |  2.3
Dodging        | 3 4 |  4.0
Fighting       | 5 |  5.5
Evocations     | 5 |  5.5
Staves         | 7 |  7.2

Action                     |  1- 3 |  4- 6 |  7- 9 || total
---------------------------+-------+-------+-------++-------
  Melee: Quarterstaff      |    47 |   140 |    61 ||   248
         Bite              |     5 |    13 |     6 ||    24
   Cast: Shock             |    17 |    29 |    16 ||    62
    Use: Scroll            |     5 |       |       ||     5
         Potion            |       |     1 |     1 ||     2
   Stab: Sleeping          |       |     5 |     3 ||     8
 Armour: Robe              |    13 |    21 |     7 ||    41
  Dodge: Dodged            |    30 |    74 |    45 ||   149

Table legend: (Time is in decaauts)
 A = Elapsed time spent in this place.
 B = Non-inter-level travel time spent in this place.
 C = Inter-level travel time spent in this place.
 D = Time resting spent in this place.
 E = Time spent auto-exploring this place.
 F = Levels seen in this place.
 G = Mean time per level.
                   A        B        C        D        E       F      G
               +--------+--------+--------+--------+--------+-----+--------+
         Total |   5623 |   5420 |    203 |    597 |   3971 |   5 | 1124.6 |
       Dungeon |   5623 |   5420 |    203 |    597 |   3971 |   5 | 1124.6 |
               +--------+--------+--------+--------+--------+-----+--------+

Top non-repeatable levels by time:
     D:4: 1681 daAuts
     D:3: 1335 daAuts
     D:2: 1049 daAuts
     D:1: 987 daAuts
     D:5: 569 daAuts
